 Dungeon Crawl Stone Soup version 0.29-a0-304-gb34f9e133a (webtiles) character file.

Game seed: 14724777973084752963

2050 Murumi the Blocker (level 9, -17/70 HPs)
             Began as a Formicid Fighter on Mar 26, 2022.
             Was a Follower of Okawaru.
             Demolished by an ogre
             ... wielding a +0 giant club
              (28 damage)
             ... on level 6 of the Dungeon.
             The game lasted 00:24:57 (10087 turns).

Murumi the Blocker (Formicid Fighter)              Turns: 10087, Time: 00:24:58

Health: -17/70     AC: 11    Str: 21    XL:     9   Next: 49%
Magic:  12/12      EV:  8    Int: 12    God:    Okawaru [*.....]
Gold:   248        SH:  6    Dex: 10    Spells: 8/8 levels left

rFire   + . .      SeeInvis +   m - +0 whip
rCold   . . .      Faith    .   c - +1 buckler
rNeg    . . .      Spirit   .   l - +0 chain mail
rPois   .          Reflect  .   (helmet unavailable)
rElec   .          Harm     .   (no cloak)
rCorr   .          Rampage  .   b - +0 pair of gloves
Will    .....                   (no boots)
Stlth   ..........              h - amulet of the acrobat
HPRegen 0.21/turn               k - ring of wizardry
MPRegen 0.13/turn               p - ring of protection from fire

@: no status effects
A: permanent stasis, dig shafts and tunnels, antennae 3, four strong arms
a: Dig, Shaft Self, Renounce Religion, Heroism


You were on level 6 of the Dungeon.
You worshipped Okawaru.
Okawaru was aware of your devotion.
You visited 2 branches of the dungeon, and saw 7 of its levels.

You collected 248 gold pieces.

Inventory:

Hand Weapons
 a - a +1 flail
 m - a +0 whip (weapon)
Missiles
 n - 8 atropa-tipped darts (quivered)
 o - 6 poisoned darts
Armour
 b - a +0 pair of gloves (worn)
 c - a +1 buckler (worn)
 l - a +0 chain mail (worn)
Jewellery
 h - an amulet of the acrobat (around neck)
 k - a ring of wizardry (left hand)
 p - a ring of protection from fire (right hand)
Wands
 g - a wand of flame (3)
 i - a wand of polymorph (8)
 s - a wand of charming (10)
 v - a wand of iceblast (11)
Scrolls
 e - 2 scrolls of enchant armour
 u - 3 scrolls of identify
 w - a scroll of enchant weapon
Potions
 d - 2 potions of cancellation
 f - 3 potions of curing
 j - 3 potions of flight
 q - a potion of brilliance
 r - 2 potions of mutation
 t - a potion of magic
 x - a potion of heal wounds


   Skills:
 + Level 6.3 Fighting
 - Level 5.0 Maces & Flails
 - Level 6.0 Armour
 - Level 2.0 Dodging
 - Level 4.0 Stealth
 - Level 8.0 Shields
 - Level 4.0 Invocations
 - Level 3.0 Evocations


You had 8 spell levels left.
You didn't know any spells.
Your spell library contained the following spells:

 Spells                   Type           Power      Damage    Failure   Level
 Corpse Rot               Necr/Air       0%         N/A       86%         2
 Dispel Undead            Necr           0%         3d6       100%        4
 Fireball                 Conj/Fire      0%         3d3       100%        5
 Starburst                Conj/Fire      0%         6d3       100%        6
 Ignition                 Fire           0%         3d3       100%        8
 Death Channel            Necr           Unusable   N/A       N/A         6

Dungeon Overview and Level Annotations

Branches:
Dungeon (6/15)             Temple (1/1) D:5

Altars:
Ashenzari
Cheibriados
Dithmenos
Elyvilon
Gozag
Hepliaklqana
Kikubaaqudgha
Makhleb
Nemelex Xobeh
Okawaru
Ru
Sif Muna
Trog
Uskayaw
Vehumet
Xom
Zin
The Shining One

Shops:
D:1 =   D:2 !

Annotations:
D:4 1 runed translucent door, nuaici's ghost, amateur MiFi


Innate Abilities, Weirdness & Mutations

You cannot be hasted, slowed, berserked, paralysed or teleported.
You can dig through walls and to a lower floor.
You have a pair of large antennae on your head. (SInv)
Your four strong arms can wield two-handed weapons with a shield.


Message History

The centaur zombie closely misses you.
You hit the centaur zombie.
You destroy the centaur zombie!
Okawaru accepts your kill.
No target in view!
There is an open door here.
There is a stone staircase leading up here.
x - a potion of heal wounds
There is an open door here.
Found a short sword.
You sense a monster nearby.
Found a dagger.
An ogre comes into view. It is wielding a +0 giant club.
The ogre shouts!
You hit the ogre.
The ogre is lightly wounded.
The ogre closely misses you.
You hit the ogre but do no damage.
The ogre is lightly wounded.
You hit the ogre.
The ogre is lightly wounded.
The ogre hits you with a +0 giant club!!
You hit the ogre.
The ogre is moderately wounded.
The ogre hits you with a +0 giant club!!
Okay, then.
Throw: 9 darts (atropa)
Press: ? - help, Q - select action, (/) - cycle Shift-Dir - straight line, f - ogre
Aim: an ogre, wielding a +0 giant club (lightly wounded, 74% to hit, chance to blind on hit: 51%)
You throw an atropa-tipped dart. The atropa-tipped dart hits the ogre.
The ogre appears confused.
The ogre is lightly wounded.
You whack the ogre!
The ogre is heavily wounded.
The ogre seems less confused.
The ogre hits you with a +0 giant club!
* * * LOW HITPOINT WARNING * * *
You completely miss the ogre.
The ogre is heavily wounded.
The ogre hits you with a +0 giant club!!
You die...

##.................
##.......##.###.....
#.........#.# #....#
##.......##.# #.#.##
##.........# #.....
##...#.#### ###.##
#..##.# ##'##
#####.###.# ##....
#..O@.....# ##.....
#.###.#..## ##......
#.#)..####.......
#.. .....'.......
#.#...####.......
#.#..## ##.....< ...
## ##..... ##.##
##...# ).. ##'##


You could see an ogre (blind).

Vanquished Creatures
  Duvessa (D:6)
  An ice beast (D:6)
  A sky beast (D:5)
  3 black bears
  2 centaurs (D:6)
  2 phantoms
  A wyvern zombie (D:6)
  2 necrophages
  A scorpion (D:4)
  Dowan (D:6)
  A howler monkey (D:6)
  2 centaur zombies (D:6)
  A bullfrog zombie (D:6)
  A jelly (D:5)
  An orc priest (D:3)
  A gnoll shaman (D:5)
  3 hounds
  Jessica (D:2)
  7 iguanas
  4 orc wizards
  A killer bee zombie (D:6)
  Robin (D:2)
  8 gnolls (D:5)
  7 adders
  A white imp (D:5)
  An ufetubus (D:2)
  3 worms
  16 orcs
  5 ball pythons
  4 bats (D:1)
  5 endoplasms
  4 giant cockroaches
  13 goblins
  9 hobgoblins
  7 quokkas
  5 frilled lizards
  6 kobolds
  4 rats
137 creatures vanquished.

Vanquished Creatures (others)
  A plant (D:1)
  6 withered plants
7 creatures vanquished.

Grand Total: 144 creatures vanquished

Notes
Turn   | Place    | Note
-------+----------+-------------------------------------------
     0 | D:1      | Murumi the Formicid Fighter began the quest for the Orb.
     0 | D:1      | Reached XP level 1. HP: 18/18 MP: 1/1
   109 | D:1      | Found Xaijoesh's Jewellery Shoppe.
   159 | D:1      | Reached skill level 4 in Shields
   228 | D:1      | Reached XP level 2. HP: 24/24 MP: 2/2
  1000 | D:1      | Found a faded altar of an unknown god.
  1006 | D:1      | Prayed at the altar of an unknown god.
  1006 | D:1      | Became a worshipper of Elyvilon the Healer
  1006 | D:1      | Reached * piety under Elyvilon
  1032 | D:2      | Found Xadoonamp's Distillery.
  1108 | D:2      | Reached XP level 3. HP: 30/30 MP: 3/3
  1290 | D:2      | Noticed Robin
  1313 | D:2      | Killed Robin
  1314 | D:2      | Reached skill level 1 in Stealth
  1319 | D:2      | Reached XP level 4. HP: 8/37 MP: 4/4
  1321 | D:2      | Reached skill level 1 in Invocations
  1708 | D:2      | Reached skill level 1 in Dodging
  1761 | D:2      | Found a shimmering blue altar of Sif Muna.
  2101 | D:2      | Reached skill level 1 in Evocations
  2141 | D:2      | Noticed Jessica
  2154 | D:2      | Killed Jessica
  2155 | D:2      | Reached XP level 5. HP: 29/42 MP: 4/6
  2612 | D:3      | Reached ** piety under Elyvilon
  2832 | D:3      | Found a shadowy altar of Dithmenos.
  3279 | D:4      | Found a glowing silver altar of Zin.
  3507 | D:4      | Reached XP level 6. HP: 21/48 MP: 7/7
  3708 | D:4      | Found a runed translucent door.
  3709 | D:4      | Noticed nuaici's ghost (amateur MiFi)
  3712 | D:4      | Noticed a black bear
  3731 | D:4      | Killed a black bear
  3732 | D:4      | Reached skill level 5 in Shields
  4126 | D:4      | Reached XP level 7. HP: 23/54 MP: 8/8
  4624 | D:4      | Reached *** piety under Elyvilon
  4683 | D:4      | You fall into a shaft and drop 1 floor!
  4683 | D:5      | Entered Level 5 of the Dungeon
  4880 | D:5      | HP: 2/55 [gnoll/+0 spear (3)]
  4883 | D:5      | Reached skill level 5 in Fighting
  4883 | D:5      | Elyvilon protects you from harm!
  5393 | D:5      | Reached skill level 5 in Armour
  5504 | D:5      | Reached XP level 8. HP: 46/62 MP: 9/9
  5633 | D:5      | Reached skill level 6 in Shields
  6500 | D:4      | Reached skill level 7 in Shields
  7010 | D:5      | Found a staircase to the Ecumenical Temple.
  7020 | Temple   | Entered the Ecumenical Temple
  7169 | Temple   | Fell from the grace of Elyvilon
  7169 | Temple   | Became a worshipper of Warmaster Okawaru
  7989 | D:6      | Noticed Duvessa
  7989 | D:6      | Noticed Dowan
  8031 | D:6      | Killed Duvessa
  8032 | D:6      | Reached skill level 5 in Maces & Flails
  8032 | D:6      | Reached XP level 9. HP: 27/69 MP: 11/11
  8083 | D:6      | Killed Dowan
  9599 | D:6      | Reached * piety under Okawaru
  9684 | D:6      | Reached skill level 8 in Shields
 10087 | D:6      | Demolished by an ogre

Illustrated notes

Levels and vault maps discovered:
D:1:      psy_arrival_statuary, layout_basic,
          shapermc_ecumenical_altar_hornbeckon, serial_shops,
          nicolae_shop_hallway_plus
D:2:      layout_rooms, basic_altar, serial_shops, nicolae_shop_waterfront,
          uniq_robin, uniq_jessica
D:3:      layout_basic, lemuel_round_altar, minivault_25, grunt_decor_fettered
D:4:      layout_gridville, mainiacjoe_overflow_catwalk, gammafunk_ghost_grave,
          minmay_misc_feat_iff, minmay_diced_spiral
D:5:      layout_loops_cross, minmay_temple_entry_glass
D:6:      layout_loops_corners, serial_undead, serial_undead_b, serial_undead_c,
          serial_undead_c, serial_undead_f, kennysheep_generic_room_12,
          uniq_duvessa
Temple:   regret_index_temple_sphere_string

Skill      XL: |  1  2  3  4  5  6  7  8  9 |
---------------+----------------------------+-----
Shields        | 4 5 7 8 |  8.0
Fighting       | 4 5 6 |  6.3
Armour         | 4 5 6 |  6.0
Stealth        | 1 2 3 4 |  4.0
Invocations    | 2 3 4 |  4.0
Dodging        | 1 2 |  2.0
Evocations     | 1 2 3 |  3.0
Maces & Flails | 3 4 5 |  5.0

Action                   |  1- 3 |  4- 6 |  7- 9 || total
-------------------------+-------+-------+-------++-------
Melee: Flail             |    88 |   156 |       ||   244
       Whip              |       |    56 |   730 ||   786
Throw: Dart              |       |       |    10 ||    10
Invok: Heal Self         |       |       |     1 ||     1
 Abil: Dig               |       |       |     4 ||     4
Evoke: Wand              |       |       |     1 ||     1
  Use: Scroll            |     3 |     9 |     6 ||    18
       Potion            |     1 |       |     4 ||     5
 Stab: Confused          |       |       |     1 ||     1
       Invisible         |       |       |     2 ||     2
Armor: Scale mail        |    52 |    58 |       ||   110
       Chain mail        |       |    25 |   290 ||   315
       Skin              |       |       |     8 ||     8
Dodge: Dodged            |    47 |    99 |   228 ||   374
Block: Buckler           |    32 |    56 |   187 ||   275

Table legend: (Time is in decaauts)
 A = Elapsed time spent in this place.
 B = Non-inter-level travel time spent in this place.
 C = Inter-level travel time spent in this place.
 D = Time resting spent in this place.
 E = Time spent auto-exploring this place.
 F = Levels seen in this place.
 G = Mean time per level.
                   A        B        C        D        E       F      G
               +--------+--------+--------+--------+--------+-----+--------+
         Total |  10117 |   9523 |    594 |    837 |   6902 |   7 | 1445.3 |
       Dungeon |   9942 |   9379 |    563 |    837 |   6773 |   6 | 1657.0 |
        Temple |    174 |    144 |     30 |      0 |    129 |   1 |  174.0 |
               +--------+--------+--------+--------+--------+-----+--------+

Top non-repeatable levels by time:
     D:5: 2378 daAuts
     D:4: 2048 daAuts
     D:6: 1978 daAuts
     D:2: 1467 daAuts
     D:1: 1128 daAuts
     D:3: 942 daAuts
  Temple: 174 daAuts
